 Dungeon Crawl Stone Soup version 0.18-a0-1466-g2490093 (webtiles) character file.

27741 Medar the Bludgeoner (level 13, -11/135 (136) HPs)
             Began as a Troll Chaos Knight on Feb 24, 2016.
             Killed from afar by a frost giant (39 damage)
             ... with a bolt of cold
             ... in an ice cave on Mar 1, 2016.
             The game lasted 00:56:50 (18143 turns).

Medar the Bludgeoner (Troll Chaos Knight)          Turns: 18143, Time: 00:56:50

HP:   -11/135 (136) AC: 11    Str: 25    XL:     13   Next: 6%
MP:   12/12         EV: 10    Int:  8    God:    Xom [....*.]
Gold: 1088          SH:  0    Dex: 10    Spells: 5 memorised, 4 levels left

rFire  . . .     SeeInvis .     z - +3 giant spiked club (crush)
rCold  . . .     Gourm    +     O - +2 robe
rNeg   . . .     Faith    .     (shield currently unavailable)
rPois  .         Spirit   .     Q - +2 hat
rElec  .         Dismiss  +     (no cloak)
rCorr  .         Reflect  .     (gloves unavailable)
SustAt +         Harm     .     (boots unavailable)
MR     .....                    s - amulet of dismissal
Stlth  +.........               u - ring of sustain attributes
                                G - +3 ring of dexterity

@: about to teleport, very slightly contaminated, not resistant to hostile
enchantments, very unstealthy
A: unfitting armour, claws 3, icy blue scales 1, molten scales 1, clumsy 2, fast
metabolism 3, gourmand, regeneration 2, robust 1, shaggy fur 1, tough skin 2,
wild magic 1, MP-powered wands
a: Renounce Religion


You were in an ice cave.
You worshipped Xom.
You were a beloved toy of Xom.
You were very full.

You visited 2 branches of the dungeon, and saw 15 of its levels.
You also visited: Ice Cave and Volcano.

You collected 1200 gold pieces.
You spent 112 gold pieces at shops.

Inventory:

Hand Weapons
 b - a +0 blowgun
 z - a +3 giant spiked club of crushing (weapon)
 W - a +0 dire flail
Missiles
 i - 3 throwing nets {=f =F}
 q - 2 poisoned javelins
 B - 7 tomahawks
 F - 4 large rocks (quivered)
 I - 7 javelins
 P - 43 poisoned needles
 U - 7 needles of confusion
Armour
 O - a +2 robe (worn)
 Q - a +2 hat (worn)
Jewellery
 f - an uncursed ring of magical power
 r - an uncursed ring of wizardry
 s - an amulet of dismissal (around neck)
 u - a ring of sustain attributes (right claw)
 G - a +3 ring of dexterity (left claw)
 Z - an uncursed amulet of regeneration {unknown}
Wands
 a - a wand of iceblast (3/15)
 n - a wand of digging (0/24)
 x - a wand of disintegration (16/24)
 H - a wand of lightning (3/15)
 K - a wand of disintegration (5/24)
 N - a wand of acid (3/15)
Scrolls
 d - 5 scrolls of remove curse {@r1}
 j - 2 scrolls of recharging {unknown}
 o - a scroll of acquirement {unknown}
 w - a scroll of enchant armour
 A - a scroll of teleportation
 C - a scroll of vulnerability
 J - a scroll of noise {unknown}
 V - a scroll of summoning {unknown}
 Y - a scroll of silence {unknown}
Potions
 c - 2 potions of berserk rage {!q}
 g - a potion of invisibility
 h - a potion of might
 k - a potion of curing {@q1}
 l - 2 potions of flight
 v - a potion of brilliance {unknown}
 E - a potion of magic
 L - a potion of resistance
 R - 2 potions of haste
 S - a potion of beneficial mutation {unknown}
 T - 2 potions of agility
Miscellaneous
 m - a phial of floods (inert)
Comestibles
 p - 2 meat rations {@e2}
 t - a chunk of flesh
 y - 9 bread rations {@e1}
 D - 5 fruits {@e3}
 M - a beef jerky


   Skills:
 - Level 7.0 Fighting
 + Level 17.0 Maces & Flails
 - Level 4.9 Throwing
 - Level 3.0 Armour
 - Level 3.2 Dodging


You had 4 spell levels left.
You knew the following spells:

 Your Spells              Type           Power        Failure   Level  Hunger
a - Passwall              Trmt/Erth      #.........   82%         2    ###....
b - Swiftness             Chrm/Air       #.......     82%         2    ###....
c - Apportation           Tloc           #.........   58%         1    ##.....
d - Animate Skeleton      Necr           N/A          58%         1    ##.....
e - Corpse Rot            Necr           N/A          82%         2    ###....


Dungeon Overview and Level Annotations

Branches:
Dungeon (10/15)            Temple (0/1) D:6            Lair (5/8) D:10
    Orc (0/2) D:10
  Swamp: Lair:3-6    Shoals: Lair:3-6     Snake: Lair:3-6    Spider: Lair:3-6

Altars:
Vehumet
Xom

Shops:
D:6 *   D:8 :


Innate Abilities, Weirdness & Mutations

You are too large for most types of armour.
You have claws for hands.
Your metabolism is lightning-fast.
You like to eat raw meat.
You heal very quickly.
You are covered in fur (AC +1).
You have very tough skin (AC +2).
You are partially covered in icy blue scales (AC +1).
You are partially covered in molten scales (AC +1).
You are very clumsy. (Dex -4)
You are robust (+10% HP).
Your spells are a little harder to cast, but a little more powerful.
You expend magic power (3 MP) to strengthen your wands.


Message History

The yak misses you.
Found a rare book.
A yak, 4 polar bears and a frost giant come into view.
Read which item? (? for menu, Esc to quit)
As you read the scroll of fear, it crumbles to dust.
You assume a fearsome visage.
The polar bear looks frightened! x2
The death yak looks frightened!
The yak looks frightened!
The frost giant looks frightened!
The polar bear looks frightened! x2
Read which item? (? for menu, Esc to quit)
As you read the scroll of teleportation, it crumbles to dust.
You feel strangely unstable.
Cornered, the death yak turns to fight!
Drink which item? (? for menu, Esc to quit)
Okay, then.
Cornered, the polar bear turns to fight! x2
Cornered, the polar bear turns to fight!
The frost giant seems to regain its courage.
The frost giant gestures at you while chanting.
The bolt of cold hits you!
You die...
Xom howls with laughter! #.#Y#...## ## .Y###Y.Y⌠.# #.. ###Yh###†#.#####Y.. ##Yhh

#hh#####YY.Y.#
##...###hY####Y.Y.h#
#h....###Y..#h.h.###
##...## ###.h..###
###@.# #####.(#
#()[..## )## #.:.:#C
## ##### ##


You could see a frost giant, a death yak, 3 polar bears and a yak (fleeing).

Vanquished Creatures
  The ghost of PeterLawrence the Basher, a novice MiFi of Okawaru (Lair:1)
  3 black mambas
  A moth of wrath (D:7)
  A torpor snail (Lair:4)
  5 spiny frogs
  A gargoyle (D:10)
  A guardian mummy (Volcano)
  2 trolls
  9 polar bears (IceCv)
  8 blink frogs
  Sigmund (D:4)
  A flying skull (Volcano)
  3 wyverns
  2 vampires (Volcano)
  A basilisk (Lair:4)
  Grum (D:9)
  32 yaks
  3 hungry ghosts
  8 hippogriffs
  2 hill giant skeletons (Volcano)
  28 wolves
  Menkaure (D:6)
  2 merfolk skeletons (Volcano)
  6 water moccasins
  A swamp drake (D:7)
  5 porcupines
  2 black bears
  A sky beast (D:10)
  4 orc warriors
  6 ogres
  3 manticore skeletons (Volcano)
  6 centaurs
  7 crocodiles
  A big kobold (D:8)
  A gnoll sergeant (D:10)
  12 giant frogs
  2 scorpions
  13 killer bees
  8 wights
  A troll skeleton (Volcano)
  A spriggan skeleton (Volcano)
  A howler monkey (D:8)
  3 electric eels
  4 crimson imps
  A jelly (D:8)
  A wasp zombie (D:9)
  10 orc priests
  9 hounds
  3 centaur skeletons
  6 orc wizards
  A giant frog skeleton (D:10)
  11 iguanas
  A two-headed ogre skeleton (Volcano)
  9 worker ants
  7 sheep (Lair:2)
  3 mummies (Volcano)
  A worker ant zombie (D:9)
  22 gnolls
  64 river rats
  6 adders
  2 shadow imps
  An ooze (D:5)
  An adder skeleton (D:10)
  4 worms (D:2)
  3 dart slugs
  4 giant geckos
  42 orcs
  3 giant cockroaches
  8 goblins
  6 hobgoblins
  8 jackals
  12 kobolds
  A quokka (D:5)
  A ball python skeleton (D:4)
  5 bats
  5 giant newts
  A jackal zombie (D:7)
  A quokka skeleton (D:5)
  9 rats
477 creatures vanquished.

Vanquished Creatures (collateral kills)
  2 wolves (D:9)
  An orc warrior (D:7)
  A phantom (D:8)
  A crocodile (Lair:3)
  2 big kobolds (D:7)
  2 killer bees (D:7)
  A crimson imp (D:7)
  An orc priest (D:8)
  A hound (D:7)
  3 orc wizards
  2 iguanas
  4 orcs
  A bat (D:2)
  A goblin (D:2)
  6 kobolds (D:7)
29 creatures vanquished.

Vanquished Creatures (others)
  A killer bee (D:8)
  An orc wizard (D:9)
  4 fungi
  A plant (Lair:4)
  21 toadstools (Lair:5)
28 creatures vanquished.

Grand Total: 534 creatures vanquished

Notes
Turn   | Place    | Note
--------------------------------------------------------------
     0 | D:1      | Medar the Troll Chaos Knight began the quest for the Orb.
     0 | D:1      | Reached XP level 1. HP: 22/22 MP: 0/0
    92 | D:1      | XOM: cast spell 'Summon Butterflies'
   119 | D:1      | Reached skill level 3 in Maces & Flails
   196 | D:1      | Reached XP level 2. HP: 29/29 MP: 1/1
   391 | D:1      | XOM: harmless Erth miscast
   580 | D:1      | You fall through a shaft!
   790 | D:2      | XOM: harmless Tloc miscast
   814 | D:2      | XOM: smoke on damage
   860 | D:2      | Reached XP level 3. HP: 24/36 MP: 2/2
   905 | D:2      | Reached skill level 4 in Maces & Flails
  1126 | D:2      | Reached XP level 4. HP: 35/44 MP: 3/3
  1486 | D:3      | XOM: divination: detect creatures
  1568 | D:3      | XOM: divination: magic mapping
  1585 | D:3      | Found a radiant altar of Vehumet.
  1779 | D:3      | XOM: harmless Necr miscast
  1797 | D:3      | XOM: confuse monster(s)
  1798 | D:3      | XOM: harmless Chrm miscast
  1823 | D:3      | XOM: harmless Summ miscast
  2021 | D:3      | Reached skill level 5 in Maces & Flails
  2251 | D:3      | Reached XP level 5. HP: 35/50 MP: 4/4
  2419 | D:4      | Noticed Sigmund
  2479 | D:3      | XOM: harmless Ice miscast
  2537 | D:4      | Reached skill level 6 in Maces & Flails
  2621 | D:4      | Reached XP level 6. HP: 50/59 MP: 5/5
  2688 | D:4      | XOM: colour smoke trail
  2717 | D:4      | XOM: 1-stop teleportation journey
  3209 | D:4      | Killed Sigmund
  3209 | D:4      | Reached skill level 7 in Maces & Flails
  3209 | D:4      | Reached XP level 7. HP: 36/66 MP: 6/6
  3355 | D:4      | XOM: mild Chrm miscast
  3575 | D:4      | XOM is BORED!
  3575 | D:4      | XOM: mild Ice miscast
  3664 | D:4      | Reached skill level 8 in Maces & Flails
  3786 | D:4      | Upgraded the game from 0.18-a0-1405-g73f4075 to 0.18-a0-1413-g4eaa9ac
  3803 | D:5      | Entered Level 5 of the Dungeon
  3816 | D:5      | XOM: confusion
  3830 | D:5      | XOM: enchant monster (bad)
  3865 | D:4      | XOM: medium Chrm miscast
  3911 | D:5      | XOM: confusion
  4093 | D:5      | XOM: god gift: 2 poisoned javelins
  4116 | D:5      | Reached skill level 9 in Maces & Flails
  4116 | D:5      | Reached XP level 8. HP: 65/74 MP: 7/7
  4117 | D:5      | XOM: summons friendly crimson imp
  4473 | D:5      | Found a shimmering altar of Xom.
  4684 | D:5      | XOM: polymorph orc wizard -> ooze
  5016 | D:6      | Found a staircase to the Ecumenical Temple.
  5016 | D:6      | Found Xastrocukk's General Store.
  5020 | D:6      | Noticed Menkaure
  5026 | D:6      | XOM: divination: magic mapping
  5030 | D:6      | Killed Menkaure
  5030 | D:6      | Reached skill level 10 in Maces & Flails
  5035 | D:6      | Bought a scroll of identify for 30 gold pieces
  5035 | D:6      | Bought a scroll of magic mapping for 52 gold pieces
  5035 | D:6      | Bought a scroll of identify for 30 gold pieces
  5190 | D:6      | XOM: harmless Air miscast
  5217 | D:6      | XOM: harmless Erth miscast
  5437 | D:6      | XOM: cast spell 'Summon Small Mammal'
  5470 | D:6      | Reached skill level 1 in Throwing
  5692 | D:7      | Reached XP level 9. HP: 72/80 MP: 8/8
  5782 | D:7      | Reached skill level 11 in Maces & Flails
  5969 | D:7      | XOM: medium Conj miscast
  6206 | D:7      | XOM: divination: detect creatures
  6289 | D:7      | XOM: polymorph orc wizard -> swamp drake
  6314 | D:7      | XOM: cast spell 'Summon Small Mammal'
  6461 | D:7      | XOM: divination: detect creatures
  6586 | D:7      | Noticed a cyclops
  6589 | D:7      | Noticed a moth of wrath
  6589 | D:7      | a cyclops changed into a moth of wrath
  6589 | D:7      | XOM: polymorph cyclops -> moth of wrath
  6590 | D:7      | Killed a moth of wrath
  6718 | D:8      | Found Zin Siod's Book Boutique.
  6734 | D:8      | XOM: cast spell 'Summon Mana Viper'
  6764 | D:8      | XOM: cast spell 'Ice Form'
  6773 | D:8      | XOM: confuse monster(s)
  6949 | D:8      | XOM: enchant monster (good)
  7057 | D:8      | XOM: mild Hex miscast
  7142 | D:8      | Reached XP level 10. HP: 59/94 MP: 9/9
  7697 | D:9      | Upgraded the game from 0.18-a0-1413-g4eaa9ac to 0.18-a0-1466-g2490093
  7727 | D:9      | XOM: cast spell 'Olgreb's Toxic Radiance'
  7753 | D:9      | XOM: mild Necr miscast
  7973 | D:9      | Reached skill level 5 in Fighting
  8271 | D:9      | XOM: cast spell 'Excruciating Wounds'
  8274 | D:9      | XOM: repel stairs
  8293 | D:9      | XOM: confusion
  8436 | D:9      | XOM: colour smoke trail
  8477 | D:9      | XOM: noise
  8489 | D:9      | Reached skill level 12 in Maces & Flails
  8605 | D:9      | Noticed Grum
  8629 | D:9      | Killed Grum
  8771 | D:9      | XOM: give mutations
  8771 | D:9      | Gained mutation: You are partially covered in icy blue scales (AC +1). [Xom's mischief]
  8771 | D:9      | Gained mutation: You are dopey. (Int -2) [Xom's mischief]
  9010 | D:9      | XOM: stat loss: -1 Dex (13/13)
  9013 | D:9      | XOM: give mutation
  9013 | D:9      | Gained mutation: You expend magic power (3 MP) to strengthen your wands. [Xom's mischief]
  9257 | D:10     | Entered Level 10 of the Dungeon
  9648 | D:9      | XOM: confusion
  9763 | D:10     | XOM: smoke on damage
  9912 | D:10     | XOM: smoke on damage
  9914 | D:10     | Found a staircase to the Lair.
  9914 | D:10     | XOM: 7-stop teleportation journey
 10058 | D:10     | Found a staircase to the Orcish Mines.
 10109 | D:10     | XOM is BORED!
 10109 | D:10     | XOM: summons 3 hostile demons
 10174 | D:10     | XOM: summons friendly quasit
 10296 | D:10     | Reached skill level 13 in Maces & Flails
 10454 | D:10     | Noticed a gargoyle
 10471 | D:10     | Killed a gargoyle
 10501 | D:10     | Learned a level 2 spell: Passwall
 10504 | D:10     | Learned a level 2 spell: Swiftness
 10519 | D:10     | XOM: god gift: sharpened iron wand {god gift}
 10544 | D:10     | XOM: 2-stop teleportation journey
 10571 | D:10     | Reached XP level 11. HP: 104/104 MP: 10/10
 10593 | D:10     | XOM: mild Air miscast
 10708 | D:10     | XOM: god gift: pair of embroidered gloves {god gift}
 10788 | D:10     | XOM: summons 2 hostile shadow creatures
 10809 | D:10     | XOM: divination: magic mapping
 11297 | Lair:1   | XOM: stealth player
 11297 | Lair:1   | Entered Level 1 of the Lair of Beasts
 11352 | Lair:1   | Noticed PeterLawrence's ghost (novice MiFi)
 11363 | Lair:1   | XOM: swap monsters
 11447 | Lair:1   | Killed PeterLawrence's ghost
 11456 | Lair:1   | XOM: god gift: 10 gold pieces
 11606 | Lair:1   | XOM: 2-stop teleportation journey
 11852 | Lair:1   | XOM: summons friendly iron imp
 12437 | Lair:2   | XOM: smoke on damage
 12489 | Lair:2   | XOM: god gift: rapier {god gift}
 12541 | Lair:2   | XOM: summons friendly quasit
 12626 | Lair:2   | XOM: 2-stop teleportation journey
 12784 | Lair:2   | Reached skill level 14 in Maces & Flails
 12814 | Lair:2   | XOM: destruction
 12828 | Lair:2   | XOM: noise
 12860 | Lair:2   | XOM: fake destruction
 12863 | Lair:2   | XOM: give mutations
 12863 | Lair:2   | Gained mutation: You are partially covered in molten scales (AC +1). [Xom's grace]
 12863 | Lair:2   | Lost mutation: You are dopey. (Int -2) [Xom's grace]
 12871 | Lair:2   | Reached skill level 1 in Armour
 13321 | Lair:2   | Learned a level 1 spell: Apportation
 13323 | Lair:2   | Learned a level 1 spell: Animate Skeleton
 13422 | Lair:2   | XOM: polymorph wolf -> hound
 13436 | Lair:2   | XOM: silly message
 13588 | Lair:2   | XOM: give mutations
 13588 | Lair:2   | Gained mutation: Your body sometimes deteriorates upon taking damage. [Xom's mischief]
 13588 | Lair:2   | Gained mutation: You have a pair of small horns on your head. [Xom's mischief]
 13588 | Lair:2   | Lost mutation: Your body sometimes deteriorates upon taking damage. [Xom's mischief]
 13588 | Lair:2   | Lost mutation: You have a pair of small horns on your head. [Xom's mischief]
 13606 | Lair:2   | XOM: enchant monster (bad)
 13799 | Lair:2   | XOM: confusion
 13840 | Lair:2   | XOM: destruction
 13876 | Lair:2   | XOM: enchant monster (good)
 14152 | Lair:3   | XOM: enchant monster (good)
 14198 | Lair:3   | XOM: cast spell 'Excruciating Wounds'
 14238 | Lair:3   | XOM: harmless Necr miscast
 14294 | Lair:3   | Found a dark tunnel.
 14300 | Volcano  | Entered a volcano
 14361 | Volcano  | XOM: 1-stop teleportation journey
 14399 | Volcano  | XOM: enchant monster (good)
 14413 | Volcano  | Reached XP level 12. HP: 82/117 MP: 11/11
 14946 | Lair:3   | Reached skill level 15 in Maces & Flails
 15032 | Lair:3   | XOM: enchant monster (good)
 15120 | Lair:3   | XOM: divination: detect creatures
 15313 | Lair:3   | XOM: enchant monster (good)
 15435 | Lair:3   | XOM: blink monster(s)
 15440 | Lair:3   | XOM: divination: detect creatures
 15445 | Lair:3   | XOM: summons 8 friendly demons
 15477 | Lair:3   | XOM: 8-stop teleportation journey
 15565 | Lair:3   | XOM: god gift: 7 needles of confusion
 15636 | Lair:3   | XOM: enchant monster (good)
 15669 | Lair:3   | XOM: fake destruction
 16031 | Lair:4   | XOM: confuse monster(s)
 16089 | Lair:4   | XOM: summons friendly shadow imp
 16108 | Lair:4   | XOM: divination: detect creatures
 16243 | Lair:4   | XOM: divination: detect creatures
 16245 | Lair:4   | Reached skill level 16 in Maces & Flails
 16254 | Lair:4   | XOM: mild Divn miscast
 16290 | Lair:4   | XOM: harmless Chrm miscast
 16462 | Lair:4   | XOM: harmless Hex miscast
 16473 | Lair:4   | Learned a level 2 spell: Corpse Rot
 16841 | Lair:4   | XOM: snakes to sticks
 16897 | Lair:5   | Noticed a catoblepas
 16967 | Lair:5   | XOM: swap monsters
 16994 | Lair:5   | XOM: summons 6 hostile demons
 17060 | Lair:4   | XOM: god gift: phial of floods
 17105 | Lair:5   | Found a frozen archway.
 17113 | IceCv    | Entered an ice cave
 17221 | IceCv    | XOM: summons 4 friendly demons
 17224 | IceCv    | XOM: mild Divn miscast
 17320 | IceCv    | XOM: harmless Summ miscast
 17409 | IceCv    | XOM: colour smoke trail
 17554 | IceCv    | XOM: noise
 17564 | IceCv    | XOM: polymorph wolf -> giant frog
 17566 | IceCv    | XOM: potion effect (invisibility)
 17646 | IceCv    | XOM: give mutations
 17646 | IceCv    | Gained mutation: You are weak. (Str -2) [Xom's mischief]
 17646 | IceCv    | Gained mutation: Armour fits poorly on your strangely shaped body. [Xom's mischief]
 17646 | IceCv    | Gained mutation: Your spells are a little harder to cast, but a little more powerful. [Xom's mischief]
 17698 | IceCv    | XOM: give mutations
 17698 | IceCv    | Gained mutation: You are clumsy. (Dex -2) [Xom's mischief]
 17698 | IceCv    | Gained mutation: You are very clumsy. (Dex -4) [Xom's mischief]
 17698 | IceCv    | Gained mutation: You are robust (+10% HP). [Xom's mischief]
 17773 | IceCv    | XOM: colour smoke trail
 17847 | IceCv    | Reached XP level 13. HP: 92/135 MP: 12/12
 17917 | IceCv    | XOM: mild Pois miscast
 17972 | IceCv    | XOM: give mutations
 17972 | IceCv    | Lost mutation: Armour fits poorly on your strangely shaped body. [Xom's mischief]
 17972 | IceCv    | Lost mutation: You are weak. (Str -2) [Xom's mischief]
 18085 | IceCv    | XOM: 3-stop teleportation journey
 18097 | IceCv    | XOM: blink monster(s)
 18104 | IceCv    | XOM: 2-stop teleportation journey
 18133 | IceCv    | XOM: noise
 18134 | IceCv    | XOM: noise
 18136 | IceCv    | Reached skill level 17 in Maces & Flails
 18136 | IceCv    | XOM: enchant monster (bad)
 18138 | IceCv    | XOM: noise
 18139 | IceCv    | Noticed a frost giant
 18143 | IceCv    | Killed from afar by a frost giant

Vault maps used:
D:1:      lightli_iron_boxes
D:2:      serial_corexii_hall, corexii_hall_statues_t, corexii_hall_statues_u,
          johnstein_pakellas_dig
D:3:      overflow_temple_1_default, minivault_26
D:4:      uniq_sigmund
D:5:      tgw_xom, first_bread, serial_glass, glass_columns_a, glass_columns_a,
          glass_columns_a, kennysheep_generic_room_6
D:6:      minmay_temple_entry_mist, serial_shops, shop, uniq_menkaure
D:8:      black_bear_nest_1, serial_shops, shop, grunt_ogre_cave
D:9:      uniq_grum
D:10:     erik_lair_island, orc_0_dummy
Lair:1:   st_stairs_7
Lair:2:   grunt_megastairs_1
Lair:3:   enter_volcano_2
Lair:4:   serial_bayou_shore_a
Lair:5:   portal_ice_cave_entry_imps, tgw_fedhas, uniq_snorg
IceCv:    ice_cave_caverns_01
Volcano:  volcano_tomb

Skill      XL: |  1  2  3  4  5  6  7  8  9 10 11 12 13 |
---------------+----------------------------------------+-----
Maces & Flails | 3 4 5 6 7 9 10 11 13 14 16 17 | 17.0
Throwing       | 1 4 |  4.9
Fighting       | 4 6 7 |  7.0
Dodging        | 3 |  3.2
Armour         | 3 |  3.0

Action                   |  1- 3 |  4- 6 |  7- 9 | 10-12 | 13-15 || total
-------------------------+-------+-------+-------+-------+-------++-------
Melee: Mace              |   104 |    96 |       |       |       ||   200
       Flail             |       |    33 |    88 |       |       ||   121
       Morningstar       |       |    35 |   261 |   361 |       ||   657
       Unarmed           |       |       |    34 |       |       ||    34
       Dire flail        |       |       |       |    54 |       ||    54
       Giant spiked club |       |       |       |   634 |    24 ||   658
 Fire: Blowgun           |       |       |       |    12 |       ||    12
Throw: Stone             |     6 |     2 |       |       |       ||     8
       Tomahawk          |       |       |     6 |    15 |       ||    21
       Javelin           |       |       |     6 |    30 |       ||    36
       Large rock        |       |       |     3 |    27 |       ||    30
Evoke: Wand              |       |       |       |     3 |       ||     3
       Phial of floods   |       |       |       |       |     1 ||     1
  Use: Scroll            |     2 |     6 |     8 |    14 |     4 ||    34
       Potion            |       |     1 |     3 |     2 |       ||     6
 Stab: Sleeping          |       |     2 |     1 |     4 |       ||     7
       Distracted        |       |       |       |     1 |       ||     1
       Paralysed         |       |       |       |     2 |       ||     2
       Invisible         |       |       |       |     4 |       ||     4
  Eat: Chunk             |    16 |    19 |    37 |   110 |     2 ||   184
       Royal jelly       |       |       |       |     3 |       ||     3
       Pizza             |       |       |       |     1 |       ||     1
       Meat ration       |       |       |       |     1 |       ||     1
